 Dungeon Crawl Stone Soup version 0.20-a0-268-gb6bde61 (webtiles) character file.

190 Lochraine the Chopper (level 5, -1/47 HPs)
             Began as a Hill Orc Monk on Dec 7, 2016.
             Was a Believer of Makhleb.
             Slain by a hound (3 damage)
             ... on level 4 of the Dungeon.
             The game lasted 00:07:45 (2890 turns).

Lochraine the Chopper (Hill Orc Monk)               Turns: 2890, Time: 00:07:45

Health: -1/47      AC:  3    Str: 15    XL:     5   Next: 69%
Magic:  6/6        EV: 13    Int: 10    God:    Makhleb [**....]
Gold:   139        SH:  0    Dex: 13    Spells: 4/4 levels left

rFire  x . .     SeeInvis .     a - +1 hand axe
rCold  + . .     Gourm    .     b - +1 robe
rNeg   . . .     Faith    .     (no shield)
rPois  .         Spirit   .     (no helmet)
rElec  .         Reflect  .     (no cloak)
rCorr  .         Harm     .     (no gloves)
MR     .....                    (no boots)
Stlth  +++.......               i - amulet of inaccuracy (curse)
                                d - ring of stealth
                                p - ring of ice

@: lethally poisoned (-1 -> -6)
A: no striking features
a: Minor Destruction, Renounce Religion


You were on level 4 of the Dungeon.
You worshipped Makhleb.
Makhleb was pleased with you.
You were hungry.

You visited 1 branch of the dungeon, and saw 4 of its levels.

You collected 139 gold pieces.

Inventory:

Hand Weapons
 a - a +1 hand axe (weapon)
Armour
 b - a +1 robe (worn)
Jewellery
 d - a ring of stealth (right hand)
 i - a cursed amulet of inaccuracy (around neck)
 p - a ring of ice (left hand)
 u - an uncursed amulet of the gourmand {unknown}
Wands
 h - a wand of random effects (48/48)
Scrolls
 f - a scroll of enchant armour
 k - a scroll of teleportation
 q - a scroll of identify
 r - a scroll of fear
Potions
 e - a potion of resistance {unknown}
 g - 2 potions of curing
 j - a potion of heal wounds {unknown}
 l - a potion of haste {unknown}
 s - a potion of flight {unknown}
Comestibles
 c - 3 bread rations
 m - a slice of pizza
 n - a meat ration
 o - a beef jerky
 t - 3 chunks of flesh


   Skills:
 + Level 4.9 Fighting
 * Level 6.1 Axes
 + Level 2.3 Armour
 - Level 2.4 Dodging
 - Level 1.5 Stealth
 + Level 1.8 Invocations


You had 4 spell levels left.
You didn't know any spells.

Dungeon Overview and Level Annotations

Branches:
Dungeon (4/15)
 Temple: D:4-7

Altars:
Makhleb


Message History

The worker ant bites you.
* * * LOW HITPOINT WARNING * * *
You are lethally poisoned!
The worker ant poisons you!
* * * LOW HITPOINT WARNING * * *
You feel sick.
The worker ant waves its antennae.
You feel better. The hound bites you but does no damage.
The worker ant bites you.
* * * LOW HITPOINT WARNING * * *
You feel better. The hound bites you.
* * * LOW HITPOINT WARNING * * *
The worker ant bites you.
* * * LOW HITPOINT WARNING * * *
You are lethally poisoned!
The worker ant poisons you!
You are feeling hungry.
* * * LOW HITPOINT WARNING * * *
You feel sick. The hound bites you.
You die...

#.##.#..#...#..#
#..............#
#..#.#..#...#..#
#.......##.##..#
#..#.#.###.##..#
#<....## #.##..#
#..#.#####.##..#
#..............#
#.@#######......
#ah#############
#..a.....$....
#..#...#...#..
#.............
#..#...#...#..
#.............
#..###########
#..#


You could see a hound and 2 worker ants.

Vanquished Creatures
  A howler monkey (D:4)
  An orc priest (D:3)
  Robin (D:3)
  3 adders
  2 dart slugs
  2 leopard geckos
  4 orcs (D:3)
  A ball python (D:1)
  9 bats
  2 giant cockroaches (D:2)
  18 goblins
  8 hobgoblins
  A quokka (D:2)
  4 frilled lizards
  11 kobolds
  3 rats (D:2)
71 creatures vanquished.

Notes
Turn   | Place    | Note
-------+----------+-------------------------------------------
     0 | D:1      | Lochraine the Hill Orc Monk began the quest for the Orb.
     0 | D:1      | Reached XP level 1. HP: 19/19 MP: 1/1
   246 | D:1      | Reached XP level 2. HP: 27/27 MP: 2/2
   905 | D:2      | Reached skill level 1 in Armour
   905 | D:2      | Reached XP level 3. HP: 32/33 MP: 3/3
  1380 | D:2      | Found a burning altar of Makhleb.
  1381 | D:2      | Noticed a balrug
  1385 | D:2      | Noticed a neqoxec
  1385 | D:2      | Noticed a hellwing
  1387 | D:2      | Became a worshipper of Makhleb the Destroyer
  1387 | D:2      | Reached * piety under Makhleb
  1387 | D:2      | Reached ** piety under Makhleb
  1411 | D:2      | Reached skill level 5 in Axes
  1786 | D:3      | Reached XP level 4. HP: 40/40 MP: 4/4
  1837 | D:3      | Found a faded altar of an unknown god.
  1843 | D:3      | Noticed Robin
  1867 | D:3      | Killed Robin
  1958 | D:3      | Reached skill level 1 in Invocations
  2330 | D:3      | Reached XP level 5. HP: 31/47 MP: 4/6
  2875 | D:4      | Reached skill level 6 in Axes
  2889 | D:4      | HP: 2/47 [worker ant (5)]
  2890 | D:4      | Slain by a hound

Vault maps used:
D:1:      kennysheep_arrival_seaside, corexii_leaking_fountain
D:2:      makhleb_altar_promises_db
D:3:      chequers_ecumenical_altar_simple, first_bread, uniq_robin
D:4:      nicolae_overflow_crystal_walls, lemuel_coloured_pillars_altar

Skill      XL: |  1  2  3  4  5 |
---------------+----------------+-----
Fighting       | 4 |  4.9
Armour         | 1 2 |  2.3
Axes           | 5 6 |  6.1
Invocations    | 1 |  1.8
Dodging        | |  2.4
Stealth        | |  1.5

Action                   |  1- 3 |  4- 6 || total
-------------------------+-------+-------++-------
Melee: Hand axe          |   105 |   128 ||   233
Invok: Minor Destruction |     3 |     8 ||    11
  Use: Scroll            |     5 |     4 ||     9
       Potion            |       |     4 ||     4
 Stab: Sleeping          |     6 |     1 ||     7
  Eat: Chunk             |     2 |     4 ||     6
Armor: Robe              |    21 |    16 ||    37
Dodge: Dodged            |    80 |    82 ||   162
